NCAA
MIAMI HURRICANES @ MARYLAND TERRAPINS
05/19/2027
 
TOP OF THE 1ST
Miami Hurricanes batting - Pitching for Maryland Terrapins : RHP Lúcio Estrada
Pitching: RHP Lúcio Estrada
Batting: LHB Joe Joyce 0-0: Foul Ball, location: 2F
0-1: Foul Ball, location: 2F
0-2: Ball
1-2: Strikes out looking
Batting: LHB Reginald Rush 0-0: Called Strike
0-1: Swinging Strike
0-2: Strikes out swinging
Batting: RHB Eric Hawkins 0-0: Called Strike
0-1: Ball
1-1: Fly out, F5 (Popup, 5L)
Top of the 1st over - 0 run(s), 0 hit(s), 0 error(s), 0 left on base; Miami 0 - Maryland 0
BOTTOM OF THE 1ST
Maryland Terrapins batting - Pitching for Miami Hurricanes : RHP Dan Catron
Pitching: RHP Dan Catron
Batting: LHB Edmund Stone 0-0: Foul Ball, location: 2F
0-1: Ball
1-1: Foul Ball, location: 2F
1-2: Strikes out swinging
Batting: RHB Louis Vance 0-0: Ground out 5-3 (Groundball, 56)
Batting: RHB Artie Turner 0-0: Ball
1-0: Foul Ball, location: 2F
1-1: Called Strike
1-2: Foul Ball, location: 2F
1-2: Strikes out looking
Bottom of the 1st over - 0 run(s), 0 hit(s), 0 error(s), 0 left on base; Miami 0 - Maryland 0
TOP OF THE 2ND
Miami Hurricanes batting - Pitching for Maryland Terrapins : RHP Lúcio Estrada
Batting: LHB Andrew Holt 0-0: Ball
1-0: Called Strike
1-1: Swinging Strike
1-2: Foul Ball, location: 2F
1-2: Foul Ball, location: 2F
1-2: Ball
2-2: Foul Ball, location: 2F
2-2: Fly out, F7 (Flyball, 7LSF)
Batting: RHB Miguel Murillo 0-0: Called Strike
0-1: Ball
1-1: Ball
2-1: Fly out, F6 (Line Drive, 56)
Batting: RHB Kevin Magee 0-0: Called Strike
0-1: Foul Ball, location: 2F
0-2: Fly out, F5 (Popup, 5D)
Top of the 2nd over - 0 run(s), 0 hit(s), 0 error(s), 0 left on base; Miami 0 - Maryland 0
BOTTOM OF THE 2ND
Maryland Terrapins batting - Pitching for Miami Hurricanes : RHP Dan Catron
Batting: LHB Gary Powers 0-0: Ball
1-0: Swinging Strike
1-1: Swinging Strike
1-2: Ball
2-2: Foul Ball, location: 2F
2-2: Fly out, F9 (Flyball, 9)
Batting: RHB Randall James 0-0: Called Strike
0-1: Swinging Strike
0-2: Ball
1-2: Ground out 2-3 (Groundball, 2R)
Batting: RHB Luis González 0-0: Ball
1-0: Foul Ball, location: 2F
1-1: Ball
2-1: Called Strike
2-2: Foul Ball, location: 2F
2-2: Foul Ball, location: 2F
2-2: Ball
3-2: Strikes out swinging
Bottom of the 2nd over - 0 run(s), 0 hit(s), 0 error(s), 0 left on base; Miami 0 - Maryland 0
TOP OF THE 3RD
Miami Hurricanes batting - Pitching for Maryland Terrapins : RHP Lúcio Estrada
Batting: RHB Freddy Dobson 0-0: Called Strike
0-1: Fly out, F3 (Line Drive, 34)
Batting: RHB A.C. Carlson 0-0: Swinging Strike
0-1: Foul Ball, location: 2F
0-2: Ball
1-2: Strikes out looking
Batting: RHB Dan Nevárez 0-0: Ball
1-0: Foul Ball, location: 2F
1-1: SINGLE (Groundball, 6MD)
Batting: LHB Joe Joyce 0-0: Ball
1-0: Called Strike
1-1: Fly out, F8 (Flyball, 89XD)
Top of the 3rd over - 0 run(s), 1 hit(s), 0 error(s), 1 left on base; Miami 0 - Maryland 0
BOTTOM OF THE 3RD
Maryland Terrapins batting - Pitching for Miami Hurricanes : RHP Dan Catron
Batting: RHB Scott Wheeler 0-0: Ground out 1-3 (Groundball, 13)
Batting: SHB Stanley Jones 0-0: Called Strike
0-1: Ball
1-1: Ball
2-1: Foul Ball, location: 2F
2-2: Foul Ball, location: 2F
2-2: Ball
3-2: Foul Ball, location: 2F
3-2: Base on Balls
Batting: LHB Josh Peterson Pickoff Throw to First - Error! E1
Stanley Jones to second
0-0: Swinging Strike
0-1: Ball
Stanley Jones steals 3rd base
1-1: Called Strike
1-2: Ball
2-2: Foul Ball, location: 2F
2-2: Strikes out swinging
Batting: LHB Edmund Stone 0-0: Ball
1-0: Ball
2-0: Swinging Strike
2-1: Ball
3-1: SINGLE (Flyball, 78S)
Stanley Jones scores
Batting: RHB Louis Vance 0-0: Called Strike
0-1: Ball
1-1: Swinging Strike
1-2: Foul Ball, location: 2F
1-2: Ball
Edmund Stone steals 2nd base
2-2: Foul Ball, location: 2F
2-2: Strikes out looking
Bottom of the 3rd over - 1 run(s), 1 hit(s), 1 error(s), 1 left on base; Miami 0 - Maryland 1
TOP OF THE 4TH
Miami Hurricanes batting - Pitching for Maryland Terrapins : RHP Lúcio Estrada
Batting: LHB Reginald Rush 0-0: Ball
1-0: Ball
2-0: SINGLE (Line Drive, 6M)
Batting: RHB Eric Hawkins 0-0: Swinging Strike
0-1: Foul Ball, location: 2F
0-2: Ball
1-2: Foul Ball, location: 2F
1-2: Strikes out swinging
Batting: LHB Andrew Holt 0-0: Swinging Strike
0-1: Ball
1-1: Foul Ball, location: 2F
1-2: Strikes out swinging
Batting: RHB Miguel Murillo 0-0: Ball
1-0: Swinging Strike
1-1: Swinging Strike
1-2: Foul Ball, location: 2F
1-2: Strikes out swinging
Top of the 4th over - 0 run(s), 1 hit(s), 0 error(s), 1 left on base; Miami 0 - Maryland 1
BOTTOM OF THE 4TH
Maryland Terrapins batting - Pitching for Miami Hurricanes : RHP Dan Catron
Batting: RHB Artie Turner 0-0: SINGLE (Line Drive, 7LS)
Batting: LHB Gary Powers 0-0: Fly out, F8 (Flyball, 78M)
Batting: RHB Randall James 0-0: Called Strike
0-1: Ground out U3 (Groundball, 34S)
Artie Turner to second
Batting: RHB Luis González 0-0: Called Strike
0-1: Called Strike
0-2: Ball
1-2: Strikes out looking
Bottom of the 4th over - 0 run(s), 1 hit(s), 0 error(s), 1 left on base; Miami 0 - Maryland 1
TOP OF THE 5TH
Miami Hurricanes batting - Pitching for Maryland Terrapins : RHP Lúcio Estrada
Batting: RHB Kevin Magee 0-0: Foul Ball, location: 2F
0-1: Ball
1-1: SINGLE (Line Drive, 9S)
Batting: RHB Freddy Dobson 0-0: Foul Ball, location: 2F
0-1: Foul Ball, location: 2F
0-2: Strikes out swinging
Batting: RHB A.C. Carlson 0-0: Ball
1-0: Foul Ball, location: 2F
1-1: Called Strike
1-2: Ball
2-2: Foul Ball, location: 2F
2-2: SINGLE (Groundball, 56D)
Kevin Magee to second
Batting: RHB Dan Nevárez 0-0: Swinging Strike
0-1: Ball
1-1: Swinging Strike
1-2: Strikes out swinging
Batting: LHB Joe Joyce 0-0: Fielders Choice at 2nd, 4-6 (Groundball, 4)
Top of the 5th over - 0 run(s), 2 hit(s), 0 error(s), 1 left on base; Miami 0 - Maryland 1
BOTTOM OF THE 5TH
Maryland Terrapins batting - Pitching for Miami Hurricanes : RHP Dan Catron
Batting: RHB Scott Wheeler 0-0: Ball
1-0: Called Strike
1-1: Swinging Strike
1-2: Ball
2-2: Ball
3-2: Foul Ball, location: 2F
3-2: Foul Ball, location: 2F
3-2: Foul Ball, location: 2F
3-2: Strikes out swinging
Batting: SHB Stanley Jones 0-0: Foul Ball, location: 2F
0-1: Swinging Strike
0-2: Strikes out swinging
Batting: LHB Josh Peterson 0-0: Ground out 3-1 (Groundball, 34S)
Bottom of the 5th over - 0 run(s), 0 hit(s), 0 error(s), 0 left on base; Miami 0 - Maryland 1
TOP OF THE 6TH
Miami Hurricanes batting - Pitching for Maryland Terrapins : RHP Lúcio Estrada
Batting: LHB Reginald Rush 0-0: Foul Ball, location: 2F
0-1: Called Strike
0-2: Strikes out swinging
Batting: RHB Eric Hawkins 0-0: Ball
1-0: SINGLE (Groundball, 6MS) (infield hit)
Batting: LHB Andrew Holt 0-0: Ball
1-0: Ball
2-0: Ball
3-0: Base on Balls
Eric Hawkins to second
Pitching: RHP Britt Burke
Batting: RHB Miguel Murillo 0-0: Ball
1-0: Ball
2-0: Swinging Strike
2-1: Ball
3-1: Base on Balls
Eric Hawkins to third
Andrew Holt to second
Batting: RHB Kevin Magee 0-0: Ball
1-0: Ball
2-0: Called Strike
2-1: Swinging Strike
2-2: Strikes out swinging
Batting: RHB Freddy Dobson 0-0: Fielders Choice at 2nd, 6-4 (Groundball, 6)
Top of the 6th over - 0 run(s), 1 hit(s), 0 error(s), 2 left on base; Miami 0 - Maryland 1
BOTTOM OF THE 6TH
Maryland Terrapins batting - Pitching for Miami Hurricanes : RHP Dan Catron
Batting: LHB Edmund Stone 0-0: Called Strike
0-1: Swinging Strike
0-2: Ball
1-2: Foul Ball, location: 2F
1-2: Ball
2-2: Foul Ball, location: 2F
2-2: Strikes out swinging
Pitching: RHP Howard Clear
Batting: RHB Louis Vance 0-0: Ball
1-0: Ball
2-0: Foul Ball, location: 2F
2-1: Ball
3-1: Base on Balls
Batting: RHB Artie Turner 0-0: Called Strike
0-1: Called Strike
0-2: Strikes out swinging
Batting: LHB Gary Powers 0-0: Ball
1-0: Called Strike
1-1: Ball
2-1: Ball
3-1: Foul Ball, location: 2F
3-2: Base on Balls
Louis Vance to second
Batting: RHB Randall James 0-0: Reached on error, E3 (Groundball, 34)
Louis Vance to third
Gary Powers to second
Batting: RHB Luis González 0-0: Ball
1-0: Foul Ball, location: 2F
1-1: Called Strike
1-2: Ball
2-2: Foul Ball, location: 2F
2-2: Fly out, F7 (Line Drive, 7)
Bottom of the 6th over - 0 run(s), 0 hit(s), 1 error(s), 3 left on base; Miami 0 - Maryland 1
TOP OF THE 7TH
Miami Hurricanes batting - Pitching for Maryland Terrapins : RHP Scott Kelly
Pitching: RHP Scott Kelly
Batting: RHB A.C. Carlson 0-0: Ground out 6-3 (Groundball, 6)
Batting: RHB Dan Nevárez 0-0: Foul Ball, location: 2F
0-1: Swinging Strike
0-2: Foul Ball, location: 2F
0-2: Strikes out swinging
Batting: LHB Joe Joyce 0-0: Fly out, F6 (Line Drive, 6M)
Top of the 7th over - 0 run(s), 0 hit(s), 0 error(s), 0 left on base; Miami 0 - Maryland 1
BOTTOM OF THE 7TH
Maryland Terrapins batting - Pitching for Miami Hurricanes : RHP Howard Clear
Batting: RHB Scott Wheeler 0-0: Ball
1-0: Ball
2-0: Called Strike
2-1: Fly out, F4 (Popup, 4)
Batting: SHB Stanley Jones 0-0: Ball
1-0: Ball
2-0: Foul Ball, location: 2F
2-1: Ball
3-1: Foul Ball, location: 2F
3-2: Base on Balls
Pinch Hitting: RHB Augusto Elías 0-0: Called Strike
0-1: Foul Ball, location: 2F
0-2: Foul Ball, location: 2F
0-2: Fly out, F9 (Flyball, 9)
Batting: LHB Edmund Stone 0-0: Foul Ball, location: 2F
0-1: Ball
1-1: Foul Ball, location: 2F
1-2: Ball
Stanley Jones steals 2nd base
2-2: Foul Ball, location: 2F
2-2: Ball
3-2: Base on Balls
Batting: RHB Louis Vance 0-0: Called Strike
0-1: Ball
1-1: Called Strike
1-2: Ball
2-2: Ball
3-2: Strikes out swinging
Bottom of the 7th over - 0 run(s), 0 hit(s), 0 error(s), 2 left on base; Miami 0 - Maryland 1
TOP OF THE 8TH
Miami Hurricanes batting - Pitching for Maryland Terrapins : RHP Scott Kelly
Pitching: LHP Wilson Sosa
Now at 2B: Stephen Barber
Now at SS: Michael Wilson
Batting: LHB Reginald Rush 0-0: Called Strike
0-1: Ball
1-1: Ball
2-1: Ball
3-1: Base on Balls
Pitching: RHP Eric Price
Batting: RHB Eric Hawkins 0-0: Foul Ball, location: 2F
0-1: Ball
1-1: Foul Ball, location: 2F
1-2: Ball
2-2: Strikes out swinging
Pitching: LHP Travis Berry
Batting: LHB Andrew Holt 0-0: Called Strike
0-1: Ball
1-1: Ball
2-1: Fly out, F8 (Flyball, 8RD)
Pitching: RHP Albert Ellis
Batting: RHB Miguel Murillo 0-0: Called Strike
0-1: Ball
1-1: Foul Ball, location: 2F
1-2: SINGLE (Line Drive, 6MD)
Reginald Rush to second
Batting: RHB Kevin Magee 0-0: Ball
1-0: Foul Ball, location: 2F
1-1: Ball
2-1: Swinging Strike
2-2: Fly out, F9 (Flyball, 9)
Top of the 8th over - 0 run(s), 1 hit(s), 0 error(s), 2 left on base; Miami 0 - Maryland 1
BOTTOM OF THE 8TH
Maryland Terrapins batting - Pitching for Miami Hurricanes : RHP Howard Clear
Batting: RHB Artie Turner 0-0: SINGLE (Groundball, 56D)
Batting: LHB Gary Powers 0-0: Swinging Strike
0-1: Called Strike
0-2: Strikes out swinging
Batting: RHB Randall James 0-0: Swinging Strike
0-1: Ball
1-1: Ball
2-1: Called Strike
2-2: Strikes out swinging
Pitching: LHP George Brennan
Batting: RHB Luis González 0-0: Called Strike
0-1: 2-RUN HOME RUN (Flyball, 7LD), Distance : 318 ft
Batting: RHB Scott Wheeler 0-0: Ball
1-0: Fly out, F8 (Flyball, 8RXD)
Bottom of the 8th over - 2 run(s), 2 hit(s), 0 error(s), 0 left on base; Miami 0 - Maryland 3
TOP OF THE 9TH
Miami Hurricanes batting - Pitching for Maryland Terrapins : RHP Albert Ellis
Pitching: RHP A.J. Martin
Batting: RHB Freddy Dobson 0-0: Foul Ball, location: 2F
0-1: Swinging Strike
0-2: Ball
1-2: Foul Ball, location: 2F
1-2: Ball
2-2: Foul Ball, location: 2F
2-2: Ball
3-2: Base on Balls
Batting: RHB A.C. Carlson 0-0: Called Strike
0-1: Ball
1-1: Foul Ball, location: 2F
1-2: Ball
2-2: Strikes out looking
Batting: RHB Dan Nevárez 0-0: Ball
1-0: Ball
2-0: Swinging Strike
2-1: Foul Ball, location: 2F
2-2: Foul Ball, location: 2F
2-2: Strikes out looking
Batting: LHB Joe Joyce 0-0: Foul Ball, location: 2F
0-1: Fielders Choice at 2nd, 4-6 (Groundball, 4)
Top of the 9th over - 0 run(s), 0 hit(s), 0 error(s), 0 left on base; Miami 0 - Maryland 3
Thursday, March 30th, 2017 - OOTP Baseball 17.12 Build 75